 Dungeon Crawl Stone Soup version 0.23.1 (webtiles) character file.

Game seed: 3478954278846377619

27466 Andrea the Thaumaturge (level 13, -5/98 HPs)
             Began as a Gnoll Wanderer on Mar 12, 2019.
             Was a High Priest of Cheibriados.
             Slain by a bone dragon (17 damage)
             ... on level 4 of the Abyss.
             The game lasted 01:20:52 (21578 turns).

Andrea the Thaumaturge (Gnoll Wanderer)            Turns: 21578, Time: 01:20:54

Health: -5/98      AC: 16    Str: 31    XL:     13   Next: 32%
Magic:  12/27      EV: 22    Int: 28    God:    Cheibriados [*****.]
Gold:   969        SH:  9    Dex: 37    Spells: 16/33 levels left

rFire    . . .     SeeInvis +   b - +9 hunting sling "Ygyhal" {freeze, Int+3 Dex+2}
rCold    + . .     Gourm    .   M - +0 buckler of the Commoners {rElec rPois Int-2 Dex+6}
rNeg     + . .     Faith    .   s - +3 leather armour
rPois    +         Spirit   .   l - +2 helmet {SInv}
rElec    +         Reflect  .   p - +1 cloak
rCorr    .         Harm     .   Q - +0 pair of gloves
MR       .....     Rnd*Tele +   F - +0 pair of boots {Fly}
Stlth    +++++.....             e - amulet of the acrobat
HPRegen  0.26/turn              S - ring of protection from cold
MPRegen  0.20/turn              R - ring of positive energy

@: about to teleport, flying, slowed, very slow
A: distributed training, fangs 1, [deterioration 2], [dopey 2], [screaming 2],
shaggy fur 1, [teleportitis 2], strong nose
a: Bend Time, Temporal Distortion, Slouch, Step From Time, Renounce Religion,
Stop Flying


You were on level 4 of the Abyss.
You worshipped Cheibriados.
Cheibriados was extremely pleased with you.
You were not hungry.

You visited 3 branches of the dungeon, and saw 13 of its levels.
You visited the Abyss 1 time.
You also visited: Sewer and Ice Cave.

You collected 969 gold pieces.

Inventory:

Hand Weapons
 a - a +3 whip of venom
 b - the +9 hunting sling "Ygyhal" (weapon) {freeze, Int+3 Dex+2}
   (You found it on level 8 of the Dungeon)

   It causes projectiles fired from it to freeze those they strike, causing
   extra injury to most foes and up to half again as much damage against
   particularly susceptible opponents.
   They can also slow down cold-blooded creatures.
   It affects your intelligence (+3).
   It affects your dexterity (+2).
 k - the +8 dagger of Jotof {distort, Int+6}
   (You found it on level 3 of the Lair of Beasts)

   It warps and distorts space around it.
   Unwielding it can cause banishment or high damage.
   It affects your intelligence (+6).
 E - a +0 blowgun
Missiles
 C - 24 tomahawks
 K - 140 arrows
 L - 8 poisoned javelins
 W - 282 stones (quivered)
Armour
 l - a +2 helmet of see invisible (worn)
 p - a +1 cloak (worn)
 s - a +3 leather armour (worn)
 F - a +0 pair of boots of flying (worn)
 M - the +0 buckler of the Commoners (worn) {rElec rPois Int-2 Dex+6}
   (You found it on level 7 of the Dungeon)

   It affects your intelligence (-2).
   It affects your dexterity (+6).
   It insulates you from electricity.
   It protects you from poison.
 Q - a +0 pair of gloves (worn)
Jewellery
 e - an amulet of the acrobat (around neck)
 m - a +2 ring of evasion
 H - the ring "Deazob" {*Slow rPois Int+3 Slay+5 Stlth+}
   (You took it off an orc on level 9 of the Dungeon)

   [ring of poison resistance]

   It affects your intelligence (+3).
   It affects your accuracy and damage with ranged weapons and melee attacks
   (+5).
   It protects you from poison.
   It may slow you when you take damage.
   It makes you more stealthy.
 N - a +2 ring of protection
 O - an uncursed ring of fire
 R - a ring of positive energy (right hand)
 S - a ring of protection from cold (left hand)
Wands
 u - a wand of iceblast (10)
 y - a wand of acid (12)
 B - a wand of polymorph (5)
Scrolls
 c - a scroll of identify
 d - 3 scrolls of blinking
 g - 3 scrolls of enchant armour
 j - a scroll of fog
 r - a scroll of amnesia
 z - 2 scrolls of summoning
 A - 2 scrolls of magic mapping
 D - 6 scrolls of remove curse
 I - 4 scrolls of fear
 P - a scroll of enchant weapon
Potions
 h - 8 potions of curing
 i - 2 potions of cancellation
 n - a potion of brilliance
 o - 6 potions of flight
 q - 3 potions of haste
 w - 6 potions of mutation
 x - 2 potions of lignification
 G - 4 potions of might
 J - a potion of agility
Comestibles
 f - 32 rations


   Skills:
 + Level 8.0 Fighting
 + Level 8.0 Short Blades
 + Level 8.0 Long Blades
 + Level 8.0 Axes
 + Level 8.0 Maces & Flails
 + Level 8.0 Polearms
 + Level 8.0 Staves
 + Level 8.0 Slings
 + Level 8.0 Bows
 + Level 8.0 Crossbows
 + Level 8.0 Throwing
 + Level 8.0 Armour
 + Level 8.0 Dodging
 + Level 8.0 Stealth
 + Level 8.0 Shields
 + Level 8.0 Unarmed Combat
 + Level 10.7 Spellcasting
 + Level 6.7 Conjurations
 + Level 6.7 Hexes
 + Level 6.7 Charms
 + Level 6.7 Summonings
 + Level 7.8 Necromancy
 + Level 6.7 Translocations
 + Level 6.7 Transmutations
 + Level 6.7 Fire Magic
 + Level 7.1 Ice Magic
 + Level 6.7 Air Magic
 + Level 6.7 Earth Magic
 + Level 7.8 Poison Magic
 + Level 8.8 Invocations
 + Level 9.3 Evocations


You had 16 spell levels left.
You knew the following spells:

 Your Spells              Type           Power        Failure   Level  Hunger
a - Magic Dart            Conj           ####         1%          1    None
b - Mephitic Cloud        Conj/Pois/Air  ######..     1%          3    None
c - Blink                 Tloc           N/A          1%          2    None
d - Conjure Flame         Conj/Fire      ######..     1%          3    None
e - Call Imp              Summ           ######..     1%          2    None
f - Slow                  Hex            ######..     1%          2    None
g - Summon Lightning Spi  Summ/Air       ######..     2%          4    None

Your spell library contained the following spells:

 Spells                   Type           Power        Failure   Level  Hunger
 Sting                    Conj/Pois      ####         1%          1    None
 Summon Small Mammal      Summ           ####         1%          1    None
 Poisonous Vapours        Pois/Air       ######       1%          2    None
 Call Canine Familiar     Summ           ######..     1%          3    None
 Summon Guardian Golem    Hex/Summ       ######..     1%          3    None
 Olgreb's Toxic Radiance  Pois           ######..     1%          4    None
 Summon Ice Beast         Ice/Summ       ######..     2%          4    None
 Venom Bolt               Conj/Pois      ######....   5%          5    ###....


Dungeon Overview and Level Annotations

Branches:
Dungeon (9/15)             Temple (1/1) D:5            Lair (3/6) D:9
  Snake (0/4) Lair:3
  Swamp: Lair:2-4    Shoals: Lair:2-4       Orc: D:9-12

Altars:
Ashenzari
Cheibriados
Dithmenos
Elyvilon
Fedhas
Gozag
Hepliaklqana
Kikubaaqudgha
Makhleb
Nemelex Xobeh
Okawaru
Qazlal
Ru
Sif Muna
Trog
Uskayaw
Vehumet
Wu Jian
Xom
Yredelemnul
Zin
The Shining One

Annotations:
D:4 3 runed translucent doors, Grinder; PentaManta's ghost, amateur HaAM
D:6 1 runed translucent door
D:9 2 runed translucent doors, Gunterle's ghost, journeyman FoFi
Lair:2 2 transporters, Domef's ghost, journeyman NaAr


Innate Abilities, Weirdness & Mutations

Your experience applies equally to all skills.
You have very sharp teeth.
Your uncanny sense of smell can sniff out nearby items.
You are covered in fur. (AC +1)
[Your body often deteriorates upon taking damage.]
[You are very dopey. (Int -4)]
[You sometimes yell uncontrollably at your foes.]
[You are sometimes teleported next to monsters.]


Message History

Confirm with . or Enter, or press ? or * to list all spells.
You blink.
Some rock shatters into small pieces.
Casting: Blink (safe; 1% risk of failure)
Confirm with . or Enter, or press ? or * to list all spells.
You blink.
You block the sixfirhy's attack. The cacodemon gestures at you.
You feel as though you will be slow longer.
You block the sixfirhy's attack.
Casting: Blink (safe; 1% risk of failure)
Confirm with . or Enter, or press ? or * to list all spells.
You blink.
You block the sixfirhy's attack. The sixfirhy completely misses you.
The sixfirhy barely misses you.
Casting: Blink (safe; 1% risk of failure)
Confirm with . or Enter, or press ? or * to list all spells.
You blink.
The cacodemon gestures at you. You resist with significant effort.
The bone dragon bites you.
* * * LOW HITPOINT WARNING * * *
The bone dragon claws you!
You die...

. #≈≈≈ # #.
##..#≈≈≈##.# . #. #
#.#. ..#..# # #. .. .
####.###_....# #
#....###....#.##.#.#
#...
..#.#.#.#.#.##..#...#..
#...#...#.........
.#..#
#....#.##..#..#.#.# #.#
#.....@.#..........# #
###..#D2#....#.#.#..#
###..##...#.##......
##...#.##.....# . #...
#.#3..## ##.###.#.....
#..3.## .# ##. .
.##.§## ...#..#...# #.
### .#.#


You could see a bone dragon, a cacodemon and 2 sixfirhies.

Vanquished Creatures
  2 tentacled starspawn (Abyss:3)
  A frost giant (IceCv)
  4 hydras
  2 sixfirhies
  A necromancer (Abyss:3)
  2 ice statues (IceCv)
  2 smoke demons (Abyss:3)
  A spiny frog (Lair:1)
  A rime drake (Lair:2)
  2 komodo dragons
  3 ancient zymes (Abyss:3)
  A demonic crawler (Abyss:4)
  11 polar bears (IceCv)
  A troll (D:9)
  A hornet (D:8)
  3 hippogriffs
  A spriggan (D:9)
  A wyvern (D:8)
  21 yaks
  2 basilisks
  A naga (Lair:3)
  3 large abominations (Abyss:3)
  3 water moccasins
  6 porcupines
  6 ice beasts
  3 orc warriors
  3 sky beasts
  3 black bears (D:9)
  A starcursed mass (Abyss:3)
  17 wolves
  A centaur (D:7)
  9 ogres
  9 crocodiles
  2 big kobolds (Sewer)
  6 bullfrogs
  2 wyvern skeletons
  4 scorpions
  8 killer bees
  7 wights
  2 electric eels (Lair:3)
  2 howler monkeys
  2 jellies
  5 crimson imps
  A bullfrog skeleton (D:9)
  A human zombie (D:6)
  5 small abominations (Abyss:3)
  2 orc priests
  2 hounds
  10 orc wizards
  A gnoll shaman (D:7)
  Terence (D:2)
  7 worker ants
  A hound skeleton (D:7)
  Robin (D:2)
  A worker ant zombie (D:7)
  18 adders
  10 gnolls
  A shadow imp (D:6)
  3 oozes
  2 adder zombies
  2 adder skeletons (D:4)
  2 worms
  2 dart slugs
  6 leopard geckos
  31 orcs
  6 ball pythons
  9 bats
  11 giant cockroaches
  16 goblins
  7 hobgoblins
  21 jackals
  5 quokkas
  7 frilled lizards
  A jackal zombie (D:9)
  19 kobolds
  A leopard gecko zombie (D:5)
  4 rats
  A spectral orc (D:3)
  A fungus (D:9)
  3 plants (D:9)
390 creatures vanquished.

Vanquished Creatures (collateral kills)
  A hydra (Lair:2)
  A yak (IceCv)
  4 ice beasts (Lair:1)
  A phantom (D:9)
  A wolf (Lair:2)
  2 killer bees (D:9)
  A shadow imp (Abyss:3)
  An orc (D:9)
  A starspawn tentacle (Abyss:3)
13 creatures vanquished.

Vanquished Creatures (others)
  A large abomination (Abyss:3)
  A small abomination (Abyss:3)
  20 fungi
  5 plants
  5 starspawn tentacles (Abyss:3)
32 creatures vanquished.

Grand Total: 435 creatures vanquished

Notes
Turn   | Place    | Note
-------+----------+-------------------------------------------
     0 | D:1      | Andrea the Gnoll Wanderer began the quest for the Orb.
     0 | D:1      | Andrea set off with the following items: 2 scrolls of
                  | teleportation, a +0 robe, a +0 club, a ration; and the
                  | following spell memorised: Magic Dart; and the following
                  | spells available to memorise: Blink, Call Imp, Slow,
                  | Mephitic Cloud, Conjure Flame
     0 | D:1      | Reached XP level 1. HP: 13/13 MP: 8/8
   235 | D:1      | Reached XP level 2. HP: 19/19 MP: 2/10
   751 | D:1      | Reached XP level 3. HP: 25/25 MP: 4/11
  1081 | D:1      | Found a glowing silver altar of Zin.
  1235 | D:2      | Noticed Terence
  1285 | D:2      | Reached skill level 1 in Invocations
  1499 | D:2      | Reached skill level 1 in Fighting
  1499 | D:2      | Reached skill level 1 in Short Blades
  1499 | D:2      | Reached skill level 1 in Long Blades
  1499 | D:2      | Reached skill level 1 in Axes
  1499 | D:2      | Reached skill level 1 in Maces & Flails
  1499 | D:2      | Reached skill level 1 in Polearms
  1499 | D:2      | Reached skill level 1 in Staves
  1499 | D:2      | Reached skill level 1 in Slings
  1499 | D:2      | Reached skill level 1 in Bows
  1499 | D:2      | Reached skill level 1 in Crossbows
  1499 | D:2      | Reached skill level 1 in Throwing
  1499 | D:2      | Reached skill level 1 in Armour
  1499 | D:2      | Reached skill level 1 in Dodging
  1499 | D:2      | Reached skill level 1 in Stealth
  1499 | D:2      | Reached skill level 1 in Shields
  1499 | D:2      | Reached skill level 1 in Unarmed Combat
  1678 | D:2      | Reached XP level 4. HP: 32/32 MP: 11/13
  1707 | D:2      | Found a shattered altar of Ashenzari.
  1726 | D:2      | Noticed Robin
  1932 | D:2      | Killed Robin
  2424 | D:2      | Reached skill level 1 in Conjurations
  2424 | D:2      | Reached skill level 1 in Hexes
  2424 | D:2      | Reached skill level 1 in Charms
  2424 | D:2      | Reached skill level 1 in Summonings
  2424 | D:2      | Reached skill level 1 in Translocations
  2424 | D:2      | Reached skill level 1 in Transmutations
  2424 | D:2      | Reached skill level 1 in Fire Magic
  2424 | D:2      | Reached skill level 1 in Air Magic
  2424 | D:2      | Reached skill level 1 in Earth Magic
  2856 | D:2      | Killed Terence
  2856 | D:2      | Reached XP level 5. HP: 18/37 MP: 14/14
  3276 | D:2      | You fall through a shaft!
  3450 | D:3      | Found an opulent altar of Gozag.
  3465 | D:3      | Found a radiant altar of Vehumet.
  3648 | D:3      | Reached XP level 6. HP: 44/44 MP: 11/16
  4322 | D:3      | Found a basalt altar of Yredelemnul.
  4488 | D:3      | Reached skill level 5 in Evocations
  4883 | D:4      | Found a runed translucent gate.
  4884 | D:4      | Found a runed translucent gate.
  4885 | D:4      | Noticed a two-headed ogre
  4885 | D:4      | Noticed PentaManta's ghost (amateur HaAM)
  4887 | D:4      | Found a runed translucent gate.
  4949 | D:4      | Noticed Grinder
  5112 | D:4      | Reached XP level 7. HP: 47/50 MP: 10/18
  5215 | D:4      | Paralysed by Grinder for 5 turns
  6129 | D:4      | Paralysed by Grinder for 6 turns
  6451 | D:5      | Entered Level 5 of the Dungeon
  6483 | D:5      | Learned a level 3 spell: Mephitic Cloud
  6486 | D:5      | Learned a level 2 spell: Blink
  6791 | D:5      | Found a staircase to the Ecumenical Temple.
  6801 | Temple   | Entered the Ecumenical Temple
  6945 | Temple   | Became a worshipper of Cheibriados the Contemplative
  7110 | D:5      | Reached XP level 8. HP: 57/57 MP: 15/19
  7568 | D:6      | Learned a level 3 spell: Conjure Flame
  7685 | D:6      | Found a runed translucent door.
  7690 | D:6      | Found a basalt altar of Yredelemnul.
  7895 | D:6      | Found a glowing drain.
  7928 | Sewer    | Entered a sewer
  8189 | Sewer    | Reached * piety under Cheibriados
  8353 | D:6      | Found a white marble altar of Elyvilon.
  8445 | D:6      | Reached skill level 8 in Spellcasting
  8923 | D:6      | Reached XP level 9. HP: 60/65 MP: 9/21
  8945 | D:6      | Learned a level 2 spell: Call Imp
  8948 | D:6      | Learned a level 2 spell: Slow
  8980 | D:6      | Reached skill level 5 in Necromancy
  8980 | D:6      | Reached skill level 5 in Poison Magic
  9563 | D:6      | Reached ** piety under Cheibriados
 10383 | D:7      | Got a jewelled buckler
 10389 | D:7      | Identified the +0 buckler of the Commoners {rElec rPois
                  | Int-2 Dex+6} (You found it on level 7 of the Dungeon)
 10461 | D:7      | Reached skill level 5 in Invocations
 10966 | D:8      | Noticed a hornet
 10975 | D:8      | Killed a hornet
 10975 | D:8      | Reached *** piety under Cheibriados
 10975 | D:8      | Reached XP level 10. HP: 73/73 MP: 18/22
 11378 | D:8      | Got a smoking hunting sling
 11379 | D:8      | Identified the +9 hunting sling "Ygyhal" {freeze, Int+3
                  | Dex+2} (You found it on level 8 of the Dungeon)
 12337 | D:9      | Reached skill level 5 in Fighting
 12337 | D:9      | Reached skill level 5 in Short Blades
 12337 | D:9      | Reached skill level 5 in Long Blades
 12337 | D:9      | Reached skill level 5 in Axes
 12337 | D:9      | Reached skill level 5 in Maces & Flails
 12337 | D:9      | Reached skill level 5 in Polearms
 12337 | D:9      | Reached skill level 5 in Staves
 12337 | D:9      | Reached skill level 5 in Slings
 12337 | D:9      | Reached skill level 5 in Bows
 12337 | D:9      | Reached skill level 5 in Crossbows
 12337 | D:9      | Reached skill level 5 in Throwing
 12337 | D:9      | Reached skill level 5 in Armour
 12337 | D:9      | Reached skill level 5 in Dodging
 12337 | D:9      | Reached skill level 5 in Stealth
 12337 | D:9      | Reached skill level 5 in Shields
 12337 | D:9      | Reached skill level 5 in Unarmed Combat
 12401 | D:9      | Identified the ring "Deazob" {*Slow rPois Int+3 Slay+5
                  | Stlth+}
 12409 | D:9      | Found a staircase to the Lair.
 12449 | D:9      | Reached **** piety under Cheibriados
 12466 | D:9      | Reached skill level 9 in Spellcasting
 12667 | D:9      | Reached skill level 5 in Ice Magic
 12781 | D:9      | Learned a level 4 spell: Summon Lightning Spire
 13064 | D:9      | Found a large runed translucent door.
 13072 | D:9      | Found a large runed translucent door.
 13279 | D:9      | Noticed Gunterle's ghost (journeyman FoFi)
 13399 | D:9      | Found a deep blue altar of Sif Muna.
 13399 | D:9      | Found an ancient bone altar of Kikubaaqudgha.
 13588 | Lair:1   | Entered Level 1 of the Lair of Beasts
 13588 | Lair:1   | Found a frozen archway.
 13614 | Lair:1   | Reached XP level 11. HP: 57/81 MP: 22/24
 13889 | IceCv    | Entered an ice cave
 14057 | IceCv    | Reached skill level 5 in Conjurations
 14057 | IceCv    | Reached skill level 5 in Hexes
 14057 | IceCv    | Reached skill level 5 in Charms
 14057 | IceCv    | Reached skill level 5 in Summonings
 14057 | IceCv    | Reached skill level 5 in Translocations
 14057 | IceCv    | Reached skill level 5 in Transmutations
 14057 | IceCv    | Reached skill level 5 in Fire Magic
 14057 | IceCv    | Reached skill level 5 in Air Magic
 14057 | IceCv    | Reached skill level 5 in Earth Magic
 16061 | IceCv    | Noticed a frost giant
 16077 | IceCv    | Reached ***** piety under Cheibriados
 16088 | IceCv    | Killed a frost giant
 16835 | Lair:1   | Reached XP level 12. HP: 89/89 MP: 25/25
 17233 | Lair:1   | Reached skill level 10 in Spellcasting
 17318 | Lair:1   | Noticed a five-headed hydra
 17327 | Lair:1   | Killed a five-headed hydra
 17735 | Lair:2   | Noticed a five-headed hydra
 17747 | Lair:2   | Killed a five-headed hydra
 17774 | Lair:2   | Noticed a seven-headed hydra
 17786 | Lair:2   | Killed a seven-headed hydra
 18100 | Lair:2   | Noticed Domef's ghost (journeyman NaAr)
 18109 | Lair:2   | Found a transporter.
 18151 | Lair:2   | Found a transporter.
 18284 | Lair:2   | Noticed a seven-headed hydra
 18290 | Lair:2   | Killed a seven-headed hydra
 18713 | Lair:2   | Identified a scroll of acquirement
 18881 | Lair:3   | Found a staircase to the Snake Pit.
 19060 | Lair:3   | Noticed a five-headed hydra
 19066 | Lair:3   | Killed a five-headed hydra
 19179 | Lair:3   | Got a scorched dagger
 19180 | Lair:3   | Identified the +8 dagger of Jotof {distort, Int+6} (You
                  | found it on level 3 of the Lair of Beasts)
 19181 | Lair:3   | Cast into level 3 of the Abyss (a distortion unwield)
 19181 | Abyss:3  | Found a corrupted altar of Lugonu.
 19241 | Abyss:3  | Noticed a rakshasa
 19254 | Abyss:3  | Noticed a starcursed mass
 19273 | Abyss:3  | Paralysed by accursed screaming for 1 turns
 19372 | Abyss:3  | Noticed a tentacled starspawn
 19391 | Abyss:3  | Killed a tentacled starspawn
 19391 | Abyss:3  | Reached XP level 13. HP: 40/98 MP: 24/27
 19668 | Abyss:3  | Reached ****** piety under Cheibriados
 19799 | Abyss:3  | Noticed a tentacled starspawn
 20489 | Abyss:3  | Noticed a revenant
 20490 | Abyss:3  | Noticed a green draconian
 20604 | Abyss:3  | Noticed a tentacled starspawn
 20648 | Abyss:3  | Noticed a tentacled starspawn
 20668 | Abyss:3  | Killed a tentacled starspawn
 20684 | Abyss:3  | HP: 4/98 [wretched star/orb of energy (24)]
 20692 | Abyss:3  | Noticed a tentacled starspawn
 20697 | Abyss:3  | Found a corrupted altar of Lugonu.
 20746 | Abyss:3  | Noticed a bone dragon
 21025 | Abyss:3  | Noticed a starcursed mass
 21097 | Abyss:3  | Noticed a cacodemon
 21102 | Abyss:3  | Noticed a lorocyproca
 21470 | Abyss:4  | Noticed a starcursed mass
 21476 | Abyss:4  | Gained mutation: You are covered in fur. (AC +1) [a
                  | neqoxec]
 21485 | Abyss:4  | Found a corrupted altar of Lugonu.
 21563 | Abyss:4  | Noticed a bone dragon
 21565 | Abyss:4  | Noticed a cacodemon
 21578 | Abyss:4  | Slain by a bone dragon

Skill      XL: |  1  2  3  4  5  6  7  8  9 10 11 12 13 |
---------------+----------------------------------------+-----
Ice Magic      | 2 3 4 5 6 7 |  7.1
Invocations    | 1 2 3 4 5 6 7 8 |  8.8
Fighting       | 1 2 3 4 5 6 7 8 |  8.0
Short Blades   | 1 2 3 4 5 6 7 8 |  8.0
Long Blades    | 1 2 3 4 5 6 7 8 |  8.0
Axes           | 1 2 3 4 5 6 7 8 |  8.0
Maces & Flails | 1 2 3 4 5 6 7 8 |  8.0
Polearms       | 1 2 3 4 5 6 7 8 |  8.0
Staves         | 1 2 3 4 5 6 7 8 |  8.0
Slings         | 1 2 3 4 5 6 7 8 |  8.0
Bows           | 1 2 3 4 5 6 7 8 |  8.0
Crossbows      | 1 2 3 4 5 6 7 8 |  8.0
Throwing       | 1 2 3 4 5 6 7 8 |  8.0
Armour         | 1 2 3 4 5 6 7 8 |  8.0
Dodging        | 1 2 3 4 5 6 7 8 |  8.0
Stealth        | 1 2 3 4 5 6 7 8 |  8.0
Shields        | 1 2 3 4 5 6 7 8 |  8.0
Unarmed Combat | 1 2 3 4 5 6 7 8 |  8.0
Conjurations   | 1 2 3 4 5 6 |  6.7
Hexes          | 1 2 3 4 5 6 |  6.7
Charms         | 1 2 3 4 5 6 |  6.7
Summonings     | 1 2 3 4 5 6 |  6.7
Translocations | 1 2 3 4 5 6 |  6.7
Transmutations | 1 2 3 4 5 6 |  6.7
Fire Magic     | 1 2 3 4 5 6 |  6.7
Air Magic      | 1 2 3 4 5 6 |  6.7
Earth Magic    | 1 2 3 4 5 6 |  6.7
Necromancy     | 4 5 6 7 |  7.8
Poison Magic   | 4 5 6 7 |  7.8
Evocations     | 5 6 7 8 9 |  9.3
Spellcasting   | 8 9 10 | 10.7

Action                   |  1- 3 |  4- 6 |  7- 9 | 10-12 | 13-15 || total
-------------------------+-------+-------+-------+-------+-------++-------
Melee: Club              |    11 |       |       |       |       ||    11
       Mace              |    18 |    23 |       |       |       ||    41
       Dagger            |       |   142 |   173 |       |       ||   315
       Bite              |       |    17 |    45 |   167 |    15 ||   244
       Punch             |       |       |     4 |       |       ||     4
       Whip              |       |       |   189 |   586 |    54 ||   829
 Fire: Hunting sling     |       |       |       |   281 |    78 ||   359
Throw: Tomahawk          |       |       |     2 |     1 |       ||     3
 Cast: Magic Dart        |    88 |   147 |   233 |    35 |       ||   503
       Conjure Flame     |       |       |    13 |     8 |     5 ||    26
       Mephitic Cloud    |       |       |    12 |    35 |       ||    47
       Blink             |       |       |     5 |     1 |    26 ||    32
       Summon Lightning  |       |       |       |    20 |     4 ||    24
       Slow              |       |       |       |     1 |       ||     1
Invok: Bend Time         |       |       |     4 |     1 |       ||     5
       Step From Time    |       |       |       |       |     1 ||     1
 Abil: Evoke Flight      |       |       |       |     2 |       ||     2
Evoke: Wand              |       |       |     1 |       |       ||     1
  Use: Scroll            |       |     6 |     1 |    19 |     6 ||    32
       Potion            |       |       |     1 |     5 |     2 ||     8
 Stab: Sleeping          |     2 |     1 |     1 |     4 |       ||     8
       Confused          |       |       |    10 |    37 |       ||    47
       Distracted        |       |       |       |     1 |       ||     1
  Eat: Chunk             |     2 |    11 |    12 |     2 |       ||    27
       Ration            |       |       |     1 |     4 |     1 ||     6
Armor: Robe              |    18 |    43 |    19 |       |       ||    80
       Leather armour    |       |       |    47 |    89 |    28 ||   164
Dodge: Dodged            |    46 |   158 |   278 |   368 |   151 ||  1001
Block: Buckler           |       |       |     3 |   195 |    69 ||   267
